 Dungeon Crawl Stone Soup version 0.20.1-1-g8b1a95d (webtiles) character file.

1929 slep the Carver (level 8, -4/105 HPs)
             Began as a Minotaur Gladiator on Nov 1, 2017.
             Slain by a killer bee (5 damage)
             ... on level 7 of the Dungeon on Nov 2, 2017.
             The game lasted 00:31:41 (4029 turns).

slep the Carver (Minotaur Gladiator)                Turns: 4029, Time: 00:31:42

Health: -4/105     AC: 24    Str: 23 (24) XL:     8   Next: 96%
Magic:  7/7        EV:  2    Int:  7 (10) God:
Gold:   273        SH: 15    Dex: 14 (17) Spells: 7/7 levels left

rFire    + . .     SeeInvis .   I - +7 broad axe "Abaolof" {drain, rF+ Stlth+}
rCold    . . .     Gourm    .   r - +0 shield
rNeg     + + +     Faith    .   (armour currently unavailable)
rPois    +         Spirit   .   (helmet currently unavailable)
rElec    .         Reflect  +   (cloak currently unavailable)
rCorr    .         Harm     .   (gloves currently unavailable)
MR       .....     NoTele   +   (boots currently unavailable)
Stlth    +++.......             j - +5 amulet of reflection
Regen    0.3/turn               o - +3 ring of dexterity
MPRegen  0.1/turn               (no ring)

@: mighty, brilliant, lethally poisoned (-4 -> -23), tree-form, hasted, very
quick
A: (retaliatory headbutt)
a: no special abilities


You were on level 7 of the Dungeon.
You were not hungry.
You were a tree.
You visited 1 branch of the dungeon, and saw 7 of its levels.
You also visited: Ossuary.

You collected 273 gold pieces.

Inventory:

Hand Weapons
 a - a +0 long sword
 G - a +0 dagger of draining
 I - the +7 broad axe "Abaolof" (weapon) {drain, rF+ Stlth+}
   (You found it on level 5 of the Dungeon)

   A truly terrible weapon, it drains the life of those it strikes.
   It protects you from fire.
   It makes you more stealthy.
Missiles
 z - 2 javelins (quivered)
Armour
 b - a +0 leather armour
 c - a +0 hat (melded)
 h - a cursed +0 leather armour (melded)
 p - a cursed +0 scale mail
 r - a +0 shield (worn)
 v - the +1 pair of gloves of Mental Paralysis (melded) {+Blink rC+ Regen+}
   (You found it on level 4 of the Dungeon)

   It protects you from cold.
   It lets you blink.
   It increases your rate of regeneration.
 y - a +0 pair of gloves of archery
 P - a +0 pair of boots (melded)
Jewellery
 j - a +5 amulet of reflection (around neck)
 o - a +3 ring of dexterity (left branch)
 w - an uncursed amulet of faith
Wands
 E - a wand of lightning (5/15)
 J - a wand of iceblast (7/15)
 N - a wand of lightning (10/15)
Scrolls
 d - a scroll of magic mapping {unknown}
 e - 4 scrolls of teleportation {unknown}
 i - 3 scrolls of enchant weapon {unknown}
 k - 10 scrolls of identify {unknown}
 l - 3 scrolls of remove curse {unknown}
 s - 2 scrolls of amnesia {unknown}
 u - 3 scrolls of random uselessness {unknown}
 x - a scroll of noise {unknown}
 A - a scroll of enchant armour {unknown}
 F - a scroll of fog {unknown}
 H - a scroll of blinking {unknown}
Potions
 n - a potion of flight
 C - a potion of brilliance
 L - 2 potions of haste
 O - a potion of berserk rage {unknown}
Comestibles
 f - 4 bread rations
 g - 4 meat rations
 m - 3 fruits
 q - a royal jelly
 M - 5 chunks of flesh


   Skills:
 + Level 5.8 Fighting
 + Level 8.0 Long Blades
 + Level 5.8 Axes
 + Level 2.2 Throwing
 + Level 3.6 Armour
 + Level 5.2 Dodging
 + Level 1.5 Stealth
 + Level 5.5 Shields


You had 7 spell levels left.
You didn't know any spells.

Dungeon Overview and Level Annotations

Branches:
Dungeon (6/15)
 Temple: D:4-7

Altars:
Fedhas
Kikubaaqudgha
Nemelex Xobeh
Okawaru
Ru
Uskayaw
Vehumet
Yredelemnul


Innate Abilities, Weirdness & Mutations

((You reflexively headbutt those who attack you in melee.))
((You have a pair of horns on your head.))


Message History

* * * LOW HITPOINT WARNING * * *
You feel sick. The killer bee barely misses you.
You block the killer bee's attack. The killer bee barely misses you.
The killer bee closely misses you.
It was a potion of lignification.
You turn into a tree.
Your +0 hat melds into your body.
The +1 pair of gloves of Mental Paralysis {+Blink rC+ Regen+} melds into your body.
Your +0 pair of boots melds into your body.
Your cursed +0 leather armour melds into your body.
Your roots penetrate the ground.
* * * LOW HITPOINT WARNING * * *
You feel sick. You block the killer bee's attack. The killer bee stings you.
* * * LOW HITPOINT WARNING * * *
The killer bee stings you but does no damage.
You slash the killer bee! You drain the killer bee!
You kill the killer bee!
You barely miss the killer bee. You closely miss the killer bee.
* * * LOW HITPOINT WARNING * * *
You feel sick. The killer bee stings you.
You die...

####### ##.....#
#......# ######
#..._..# #....#
#......# #....#
#......# #....#
#...y♣y####....#
#####†#.....####
...#.....# .....#.....#
.....<.#.....#
.......+.....####.....#
..####+#.....#..#.....#
.. #.....#..#.....#
#.....#..#.....#


You could see 2 killer bees.

Vanquished Creatures
  The ghost of HailEris the Cleaver, a novice TeGl of Okawaru (D:5)
  The ghost of HailEris the Chopper, an amateur TeGl (D:4)
  Sigmund (D:5)
  A hornet zombie (D:5)
  An ogre (D:5)
  A centaur (D:5)
  3 killer bees (D:7)
  A howler monkey (D:5)
  2 centaur zombies (Ossuary)
  A bullfrog zombie (D:7)
  2 hounds
  5 orc priests
  6 orc wizards
  A bullfrog skeleton (D:4)
  3 iguanas
  3 big kobold zombies (Ossuary)
  A hound zombie (D:3)
  4 mummies (Ossuary)
  9 adders
  An ooze (D:1)
  2 worms (D:2)
  3 leopard geckos
  12 orcs
  2 giant cockroaches (D:2)
  2 gnoll zombies (D:2)
  4 goblins
  5 hobgoblins
  17 jackals
  A quokka (D:5)
  A ball python (D:2)
  5 bats
  14 frilled lizards
  A hobgoblin zombie (Ossuary)
  A jackal skeleton (D:5)
  4 kobolds
  10 rats
132 creatures vanquished.

Vanquished Creatures (others)
  A centaur (D:5)
1 creature vanquished.

Grand Total: 133 creatures vanquished

Notes
Turn   | Place    | Note
-------+----------+-------------------------------------------
     0 | D:1      | slep the Minotaur Gladiator began the quest for the Orb.
     0 | D:1      | Reached XP level 1. HP: 18/18 MP: 0/0
   249 | D:1      | Reached skill level 4 in Long Blades
   249 | D:1      | Reached XP level 2. HP: 22/25 MP: 1/1
   521 | D:1      | Reached XP level 3. HP: 25/30 MP: 2/2
   554 | D:1      | You fall through a shaft!
   874 | D:2      | Found an iron altar of Okawaru.
   910 | D:2      | Reached skill level 1 in Armour
  1127 | D:2      | Found a blossoming altar of Fedhas.
  1128 | D:2      | Found an ancient bone altar of Kikubaaqudgha.
  1128 | D:2      | Found a sacrificial altar of Ru.
  1147 | D:2      | Found a radiant altar of Vehumet.
  1291 | D:2      | Reached XP level 4. HP: 38/38 MP: 3/3
  1461 | D:2      | Found a basalt altar of Yredelemnul.
  1628 | D:3      | Reached skill level 5 in Long Blades
  2005 | D:3      | Reached XP level 5. HP: 45/45 MP: 4/4
  2414 | D:4      | Found a hide-covered altar of Uskayaw.
  2452 | D:4      | Reached skill level 1 in Shields
  2641 | D:4      | Reached XP level 6. HP: 14/52 MP: 5/5
  2686 | D:4      | Got a pair of pitted gloves
  2697 | D:4      | Identified the +1 pair of gloves of Mental Paralysis {+Blink rC+ Regen+} (You found it on level 4 of the Dungeon)
  2759 | D:4      | Found a sparkling altar of Nemelex Xobeh.
  2759 | D:4      | Noticed HailEris's ghost (amateur TeGl)
  2795 | D:4      | Killed HailEris's ghost
  2795 | D:4      | Reached skill level 6 in Long Blades
  2812 | D:4      | Reached XP level 7. HP: 19/59 MP: 6/6
  3144 | D:5      | Entered Level 5 of the Dungeon
  3232 | D:5      | Noticed Sigmund
  3241 | D:5      | Killed Sigmund
  3241 | D:5      | Reached skill level 7 in Long Blades
  3241 | D:5      | Reached skill level 1 in Stealth
  3263 | D:5      | Got a twisted broad axe
  3264 | D:5      | Identified the +7 broad axe "Abaolof" {drain, rF+ Stlth+} (You found it on level 5 of the Dungeon)
  3339 | D:5      | Noticed HailEris's ghost (novice TeGl)
  3339 | D:5      | Reached skill level 5 in Fighting
  3339 | D:5      | Reached XP level 8. HP: 41/68 MP: 7/7
  3343 | D:5      | Reached skill level 1 in Axes
  3352 | D:5      | Killed HailEris's ghost
  3352 | D:5      | Reached skill level 5 in Dodging
  3400 | D:5      | Reached skill level 8 in Long Blades
  3400 | D:5      | Reached skill level 5 in Shields
  3654 | D:5      | Found a sand-covered staircase.
  3661 | Ossuary  | Entered an ossuary
  3916 | D:6      | You fall through a shaft!
  3931 | D:7      | Reached skill level 5 in Axes
  3976 | D:7      | Found a radiant altar of Vehumet.
  4028 | D:7      | HP: 2/105 [killer bee (4)]
  4029 | D:7      | Slain by a killer bee

Skill      XL: |  1  2  3  4  5  6  7  8 |
---------------+-------------------------+-----
Long Blades    | 4 5 6 7 8 |  8.0
Fighting       | 3 4 5 |  5.8
Armour         | 1 2 3 |  3.6
Dodging        | 4 5 |  5.2
Shields        | 1 3 4 5 |  5.5
Stealth        | 1 |  1.5
Axes           | 5 |  5.8
Throwing       | |  2.2

Action                   |  1- 3 |  4- 6 |  7- 9 || total
-------------------------+-------+-------+-------++-------
Melee: Long sword        |    84 |   113 |    20 ||   217
       Headbutt          |    10 |    27 |    21 ||    58
       Broad axe         |       |       |    82 ||    82
Throw: Throwing net      |       |       |     3 ||     3
  Use: Potion            |       |     3 |     6 ||     9
 Stab: Sleeping          |       |       |     4 ||     4
  Eat: Chunk             |     1 |     5 |     4 ||    10
Armor: Leather armour    |    13 |    12 |    15 ||    40
       Skin              |       |       |     1 ||     1
Dodge: Dodged            |    59 |    45 |    52 ||   156
Block: Shield            |       |    56 |   112 ||   168
       Other             |       |     3 |       ||     3
       Reflection        |       |       |     7 ||     7
       Rpst.: Long sword |    11 |     7 |     2 ||    20
